 Dungeon Crawl Stone Soup version 0.21-a0-426-g98080a9 (webtiles) character file.

166 KristoblXynda the Shield-Bearer (level 5, -7/41 HPs)
             Began as a Formicid Fighter on Nov 7, 2017.
             Killed by nerve-wracking pain
             ... invoked by an orc priest
              (8 damage)
             ... on level 3 of the Dungeon.
             The game lasted 00:03:51 (2291 turns).

KristoblXynda the Shield-Bearer (Formicid Fighter)  Turns: 2291, Time: 00:03:52

Health: -7/41      AC:  7    Str: 26    XL:     5   Next: 76%
Magic:  5/5        EV:  8    Int:  8    God:
Gold:   99         SH: 10    Dex: 10    Spells: 4/4 levels left

rFire    . . .     SeeInvis +   a - +0 long sword
rCold    . . .     Gourm    .   c - +0 shield
rNeg     . . .     Faith    .   b - +0 scale mail
rPois    .         Spirit   .   (helmet unavailable)
rElec    .         Reflect  .   (no cloak)
rCorr    .         Harm     .   (no gloves)
MR       .....                  (no boots)
Stlth    ..........             (no amulet)
HPRegen  0.13/turn              (no ring)
MPRegen  0.09/turn              (no ring)

@: mighty
A: permanent stasis, dig shafts and tunnels, four strong arms, antennae 3
a: Dig, Shaft Self


You were on level 3 of the Dungeon.
You were hungry.

You visited 1 branch of the dungeon, and saw 3 of its levels.

You collected 99 gold pieces.

Inventory:

Hand Weapons
 a - a +0 long sword (weapon)
Armour
 b - a +0 scale mail (worn)
 c - a +0 shield (worn)
Jewellery
 n - a +4 amulet of reflection {unknown}
 o - a cursed amulet of inaccuracy {unknown}
 q - an uncursed ring of stealth {unknown}
Wands
 p - a wand of iceblast (6/15)
Scrolls
 g - 4 scrolls of teleportation {unknown}
 h - a scroll of remove curse {unknown}
 i - 4 scrolls of random uselessness {unknown}
 j - 2 scrolls of magic mapping {unknown}
 m - 2 scrolls of identify {unknown}
 v - a scroll of amnesia {unknown}
Potions
 d - 2 potions of might
 e - a potion of agility {unknown}
 k - 2 potions of haste {unknown}
 l - a potion of lignification {unknown}
 s - a potion of berserk rage {unknown}
Comestibles
 f - 3 bread rations
 r - 3 royal jellies
 t - 3 fruits


   Skills:
 - Level 3.2 Fighting
 + Level 3.4 Long Blades
 + Level 4.6 Armour
 + Level 5.1 Shields


You had 4 spell levels left.
You didn't know any spells.

Dungeon Overview and Level Annotations

Branches:
Dungeon (3/15)

Altars:
Okawaru
Uskayaw
Wu Jian
Zin


Innate Abilities, Weirdness & Mutations

You cannot be hasted, slowed, berserked, paralysed or teleported.
You can dig through walls and to a lower floor.
Your four strong arms can wield two-handed weapons with a shield.
You have a pair of large antennae on your head. (SInv)


Message History

Unknown command.
You hit the orc priest.
You kill the orc priest!
Your Shields skill increases to level 5!
You block the orc wizard's attack. The orc wizard hits you with a dagger.
* * * LOW HITPOINT WARNING * * *
The orc priest hits you but does no damage.
Unknown command.
Your shield and scale mail prevent you from hitting the orc priest.
The orc wizard points at you and mumbles some strange words.
The magic dart hits you!
* * * LOW HITPOINT WARNING * * *
You block the orc priest's attack. You block the orc wizard's attack.
You slash the orc priest!
The orc priest is almost dead.
The orc wizard hits you with a dagger.
* * * LOW HITPOINT WARNING * * *
The orc priest invokes the aid of Beogh against you.
Pain shoots through your body!
You die...

#.##.........#
.........oo..#
#.##.........#
........# #.#
###.....###.##
..##......#..##
##.#....#.....######
)##.....###...##)..##
#.##....##....%o@<..##
..##....#......)o....#
###...###....<.......#
......# #............#
......# ##..........##
......# ##...##...##
......# ########.#
.....#### #.#
........# #.#


You could see an orc priest and an orc wizard.

Vanquished Creatures
  2 orc priests (D:3)
  4 adders
  2 oozes
  A worm (D:2)
  2 dart slugs (D:3)
  6 orcs (D:3)
  2 ball pythons
  5 bats
  5 giant cockroaches
  3 goblins (D:1)
  2 hobgoblins
  3 jackals
  8 kobolds
  A quokka (D:3)
  3 frilled lizards
  7 rats
56 creatures vanquished.

Notes
Turn   | Place    | Note
-------+----------+-------------------------------------------
     0 | D:1      | KristoblXynda the Formicid Fighter began the quest for the Orb.
     0 | D:1      | Reached XP level 1. HP: 18/18 MP: 1/1
   108 | D:1      | Reached XP level 2. HP: 19/24 MP: 2/2
   391 | D:1      | Found an iron altar of Okawaru.
   399 | D:1      | Reached skill level 4 in Shields
   425 | D:1      | Reached XP level 3. HP: 13/29 MP: 3/3
  1658 | D:2      | Found a glowing silver altar of Zin.
  1733 | D:3      | Reached XP level 4. HP: 31/35 MP: 4/4
  1808 | D:3      | Reached XP level 5. HP: 22/41 MP: 5/5
  2028 | D:3      | Found an ornate altar of the Wu Jian Council.
  2140 | D:3      | Found a hide-covered altar of Uskayaw.
  2289 | D:3      | Reached skill level 5 in Shields
  2290 | D:3      | HP: 2/41 [orc wizard/magic dart (3)]
  2291 | D:3      | Killed from afar by an orc priest

Vault maps used:
D:1:      minmay_arrival_open_corners, serial_bayou_pond_b,
          okawaru_ov_weapons_minmay
D:2:      zin_treasury
D:3:      minmay_wonky_spiral, marbit_many_paths,
          nicolae_qazlal_general_emergency, lemuel_round_altar

Skill      XL: |  1  2  3  4  5 |
---------------+----------------+-----
Shields        | 4 5 |  5.1
Armour         | 4 |  4.6
Long Blades    | 3 |  3.4
Fighting       | |  3.2

Action                   |  1- 3 |  4- 6 || total
-------------------------+-------+-------++-------
Melee: Long sword        |   112 |    79 ||   191
  Use: Potion            |       |     1 ||     1
  Eat: Chunk             |     2 |     2 ||     4
Armor: Scale mail        |    54 |    40 ||    94
Dodge: Dodged            |    44 |    36 ||    80
Block: Shield            |    83 |    67 ||   150
       Rpst.: Long sword |    12 |    12 ||    24

Table legend:
 A = Spawn XP
 B = Non-spawn XP
 C = Spawn XP percentage of total XP
 D = Spawn monster count
 E = Non-spawn monster count
 F = Spawn count percentage of total count
 G = Total turns spent on level
                    A         B        C        D         E        F      G
               +---------+---------+-------+---------+---------+-------+---------
         Total |       0 |     238 |   0.0 |       0 |      56 |   0.0 |  2291
               +---------+---------+-------+---------+---------+-------+---------
           D:1 |       0 |      38 |   0.0 |       0 |      19 |   0.0 |  1050
           D:2 |       0 |      30 |   0.0 |       0 |      12 |   0.0 |   680
           D:3 |       0 |     170 |   0.0 |       0 |      25 |   0.0 |   561
               +---------+---------+-------+---------+---------+-------+---------
